 Dungeon Crawl Stone Soup version 0.22.1-1-ga44c0e56f4 (webtiles) character file.

77 Gunterle the Charmwright (level 3, 0/45 HPs)
             Began as a Demigod Skald on Oct 14, 2018.
             Succumbed to Robin's poison
             ... on level 2 of the Dungeon.
             The game lasted 00:08:49 (1977 turns).

Gunterle the Charmwright (Demigod Skald)            Turns: 1977, Time: 00:08:50

Health: 0/45       AC: 21    Str: 12 (14) XL:     3   Next: 91%
Magic:  1/9        EV:  2    Int: 16 (19) God:
Gold:   92         SH:  0    Dex: 13 (15) Spells: 1/6 levels left

rFire    . . .     SeeInvis .   a - +0 spear
rCold    . . .     Gourm    .   (no shield)
rNeg     + + +     Faith    .   (armour currently unavailable)
rPois    +         Spirit   .   (helmet currently unavailable)
rElec    .         Reflect  .   (cloak currently unavailable)
rCorr    .         Harm     .   (gloves currently unavailable)
MR       .....     NoTele   +   (boots currently unavailable)
Stlth    +.........             (no amulet)
HPRegen  0.15/turn              (no ring)
MPRegen  0.11/turn              (no ring)

@: lethally poisoned (0 -> -8), tree-form
A: high mp 2, mutation resistance 1
a: no special abilities


You were on level 2 of the Dungeon.
You were not hungry.
You were a tree.
You visited 1 branch of the dungeon, and saw 3 of its levels.

You collected 92 gold pieces.

Inventory:

Hand Weapons
 a - a +0 spear (weapon)
 j - a +2 mace of holy wrath
Missiles
 c - 73 sling bullets
 e - 25 bolts
 l - 47 stones (quivered)
Armour
 b - a +0 leather armour (melded)
 i - a +0 ring mail
Scrolls
 n - a scroll of teleportation
Potions
 m - a potion of lignification
Comestibles
 d - 3 rations
 f - a chunk of flesh


   Skills:
 + Level 2.4 Fighting
 + Level 2.3 Polearms
 + Level 1.5 Armour
 + Level 2.2 Dodging
 + Level 2.2 Spellcasting
 + Level 3.0 Charms


You had one spell level left.
You knew the following spells:

 Your Spells              Type           Power        Failure   Level  Hunger
a - Infusion              Chrm           ##..         6%          1    #......
b - Shroud of Golubria    Chrm/Tloc      #.........   17%         2    ###....
c - Song of Slaying       Chrm           ##......     9%          2    ###....

Your spell library contained the following spells:

 Spells                   Type           Power        Failure   Level  Hunger
 Regeneration             Chrm/Necr      #.........   32%         3    ###....
 Spectral Weapon          Hex/Chrm       #.......     32%         3    ###....


Dungeon Overview and Level Annotations

Branches:
Dungeon (3/15)

Annotations:
D:2 Robin


Innate Abilities, Weirdness & Mutations

You have a considerably increased reservoir of magic. (+20% MP)
((You are partially covered in large bone plates. (SH +4)))
You are somewhat resistant to further mutation.


Message History

You feel less resistant to hostile enchantments.
You feel genetically stable.
* * * LOW HITPOINT WARNING * * *
You feel sick.
There is a lethal amount of poison in your body!
* * * LOW HITPOINT WARNING * * *
You feel sick.
Your shroud unravels.
* * * LOW HITPOINT WARNING * * *
You feel sick.
* * * LOW HITPOINT WARNING * * *
You feel sick.
You are no longer magically infusing your attacks.
* * * LOW HITPOINT WARNING * * *
You feel sick.
* * * LOW HITPOINT WARNING * * *
You feel sick.
* * * LOW HITPOINT WARNING * * *
You feel sick.
You die...

#<...)......# ######..###.#
#############..##.#
#..........##..##.#
#..........##..##.#
#..........###§##.#
#..........#..§§#.#
#..........####)#.#
#......)...####♣#.#########
#............§§§..§.......#
#............§§§§§§####...#
#...............§§§# #...#
#..................#####.##
########........)).'.....#
#...........#######
#...........# #...........#


There were no monsters in sight!

Vanquished Creatures
  A worm (D:2)
  2 dart slugs
  2 orcs (D:2)
  2 giant cockroaches (D:2)
  15 goblins
  12 hobgoblins
  4 jackals (D:1)
  6 kobolds
  6 bats
  4 frilled lizards
  5 rats
59 creatures vanquished.

Notes
Turn   | Place    | Note
-------+----------+-------------------------------------------
     0 | D:1      | Gunterle the Demigod Skald began the quest for the Orb.
     0 | D:1      | Reached XP level 1. HP: 17/17 MP: 5/5
    20 | D:1      | Reached skill level 1 in Armour
   145 | D:1      | Reached XP level 2. HP: 24/24 MP: 1/7
   149 | D:1      | Learned a level 2 spell: Shroud of Golubria
  1156 | D:2      | Reached XP level 3. HP: 29/29 MP: 3/8
  1251 | D:2      | Found a sparkling altar of Nemelex Xobeh.
  1568 | D:2      | Learned a level 2 spell: Song of Slaying
  1590 | D:2      | Reached skill level 3 in Charms
  1934 | D:3      | Noticed Robin
  1964 | D:2      | Gained mutation: You have a pair of small horns on your
                  | head. [potion of mutation]
  1964 | D:2      | Gained mutation: You are partially covered in large bone
                  | plates. (SH +4) [potion of mutation]
  1964 | D:2      | Gained mutation: You have a considerably increased
                  | reservoir of magic. (+20% MP) [potion of mutation]
  1964 | D:2      | Gained mutation: You are resistant to hostile enchantments.
                  | (MR+) [potion of mutation]
  1970 | D:2      | Lost mutation: You have a pair of small horns on your head.
                  | [potion of mutation]
  1970 | D:2      | Lost mutation: You are resistant to hostile enchantments.
                  | (MR+) [potion of mutation]
  1970 | D:2      | Gained mutation: You are somewhat resistant to further
                  | mutation. [potion of mutation]
  1975 | D:2      | HP: 2/45 [poisoned by Robin]
  1977 | D:2      | Succumbed to Robin's poison

Skill      XL: |  1  2  3 |
---------------+----------+-----
Armour         | 1 |  1.5
Fighting       | 2 |  2.4
Spellcasting   | 2 |  2.2
Polearms       | 2 |  2.3
Dodging        | 2 |  2.2
Charms         | 3 |  3.0

Action                   || total
-------------------------++-------
Melee: Spear             ||   157
Throw: Stone             ||     1
 Cast: Infusion          ||    23
       Shroud of Golubri ||    10
       Song of Slaying   ||     1
  Use: Scroll            ||     4
       Potion            ||     4
  Eat: Chunk             ||     5
Armor: Leather armour    ||    19
       Skin              ||     8
Dodge: Dodged            ||    76
